 Dungeon Crawl Stone Soup version 0.26-a0-683-g5206c1d7ac (webtiles) character file.

Game seed: 15173313942541177919

2744 Whiskey the Protected (level 9, -2/75 HPs)
             Began as a Barachi Fighter on Oct 22, 2020.
             Was an Initiate of Okawaru.
             Killed from afar by Erica (33 damage)
             ... with a bolt of poison
             ... on level 7 of the Dungeon.
             The game lasted 00:11:34 (6298 turns).

Whiskey the Protected (Barachi Fighter)             Turns: 6298, Time: 00:11:34

Health: -2/75      AC: 20    Str: 18    XL:     9   Next: 68%
Magic:  9/9        EV:  4    Int: 11    God:    Okawaru [......]
Gold:   518        SH: 11    Dex: 18    Spells: 8/8 levels left

rFire    + . .     SeeInvis .   a - +0 war axe
rCold    + + .     Faith    .   c - +0 kite shield
rNeg     . . .     Spirit   .   o - +0 plate armour
rPois    .         Reflect  .   N - +0 helmet
rElec    .         Harm     .   K - +0 cloak (curse)
rCorr    +         Rampage  .   w - +2 pair of gloves
MR       .....                  (no boots)
Stlth    ..........             (no amulet)
HPRegen  0.22/turn              l - +6 ring of dexterity
MPRegen  0.11/turn              y - ring "Cuozussu" {rF+ rC++ rCorr}

@: lethally poisoned (-2 -> -33), slow
A: +LOS, swims, slowness 1, strong legs 1
a: Hop, Renounce Religion


You were on level 7 of the Dungeon.
You worshipped Okawaru.
Okawaru was noncommittal.
You visited 2 branches of the dungeon, and saw 9 of its levels.

You collected 518 gold pieces.

Inventory:

Hand Weapons
 a - a +0 war axe (weapon)
 b - a +3 vorpal scythe
   (You took it off Sigmund on level 5 of the Dungeon)
 G - the +9 dagger of Gallantry {freeze, rPois rF+ rC- Str+4}
   (You took it off a centaur on level 6 of the Dungeon)

   It has been specially enchanted to freeze those struck by it, causing extra
   injury to most foes and up to half again as much damage against particularly
   susceptible opponents.
   It can also slow down cold-blooded creatures.
   It affects your strength (+4).
   It protects you from fire.
   It makes you vulnerable to cold.
   It protects you from poison.
Missiles
 x - 4 javelins (quivered)
Armour
 c - a +0 kite shield (worn)
 o - a +0 plate armour (worn)
   (You found it on level 1 of the Dungeon)
 w - a +2 pair of gloves (worn)
   (You found it on level 3 of the Dungeon)
 K - a cursed +0 cloak (worn)
   (You found it on level 5 of the Dungeon)
 N - a +0 helmet (worn)
   (You found it on level 6 of the Dungeon)
Jewellery
 i - an uncursed ring of positive energy {rN+}
   (You found it on level 1 of the Dungeon)
 l - a +6 ring of dexterity (left hand)
   (You found it on level 1 of the Dungeon)
 y - the ring "Cuozussu" (right hand) {rF+ rC++ rCorr}
   (You found it on level 4 of the Dungeon)

   [ring of resist corrosion]

   It protects you from fire.
   It greatly protects you from cold.
   It provides partial protection from all sources of acid and corrosion.
Wands
 v - a wand of disintegration (11)
   (You found it on level 2 of the Dungeon)
 I - a wand of paralysis (11)
   (You found it on level 5 of the Dungeon)
 J - a wand of iceblast (7)
   (You found it on level 5 of the Dungeon)
 L - a wand of digging (7)
   (You found it on level 6 of the Dungeon)
Scrolls
 h - 3 scrolls of magic mapping {unknown}
 k - a scroll of enchant armour {unknown}
 p - 2 scrolls of fear {unknown}
 q - 7 scrolls of identify {unknown}
 r - 3 scrolls of remove curse {unknown}
 s - 2 scrolls of teleportation
 t - 2 scrolls of enchant weapon {unknown}
 u - a scroll of amnesia {unknown}
 D - 2 scrolls of blinking {unknown}
 E - 2 scrolls of immolation {unknown}
 M - a scroll of noise {unknown}
Potions
 d - a potion of might
 e - 3 potions of curing
 f - 2 potions of lignification {unknown}
 g - 5 potions of heal wounds {unknown}
 j - 3 potions of stabbing {unknown}
 m - 4 potions of mutation {unknown}
 n - 3 potions of flight {unknown}
 z - a potion of berserk rage {unknown}
 A - 2 potions of degeneration {unknown}
 B - 2 potions of cancellation {unknown}
 C - a potion of resistance {unknown}
 F - a potion of haste {unknown}
 H - a potion of invisibility {unknown}
 O - a potion of ambrosia {unknown}


   Skills:
 + Level 8.6 Fighting
 + Level 7.4 Axes
 + Level 8.6 Armour
 + Level 7.8 Shields


You had 8 spell levels left.
You didn't know any spells.
Your spell library was empty.

Dungeon Overview and Level Annotations

Branches:
Dungeon (8/15)             Temple (1/1) D:5
   Lair: D:8-11

Altars:
Ashenzari
Cheibriados
Elyvilon
Gozag
Hepliaklqana
Kikubaaqudgha
Makhleb
Nemelex Xobeh
Okawaru
Qazlal
Ru
Sif Muna
Trog
Uskayaw
Vehumet
Wu Jian
Xom
Yredelemnul
Zin

Shops:
D:4 !!

Annotations:
D:7 Erica


Innate Abilities, Weirdness & Mutations

You can be seen from farther away. (+LOS)
You can swim through water.
You cover ground slowly.
You can hop short distances.


Message History

Health restored: 75
Found a glowing silver altar of Zin and a white marble altar of Elyvilon.
A howler monkey comes into view.
The howler monkey howls!
Erica the Fiery-Tempered comes into view.
She is wielding a +1 scimitar of flaming.
Erica shouts!
The howler monkey hits you but does no damage.
Found a stone staircase leading up.
You block the howler monkey's attack.
There is an iron altar of Okawaru here.
You kneel at the altar of Okawaru.
Okawaru welcomes you! You block the howler monkey's attack.
Erica casts a spell.
Erica flickers and vanishes!
Deactivating autopickup; reactivate with Ctrl-A.
The howler monkey hits you but does no damage.
A leopard gecko comes into view.
The leopard gecko hisses angrily.
You block the howler monkey's attack.
There is a stone staircase leading up here.
The howler monkey hoots and howls with incredible vigour!
You hear a bark!
You hit the leopard gecko but do no damage.
You closely miss something. You block the leopard gecko's attack.
Something hits you! Something burns you. The leopard gecko bites you.
You take 12 damage, and have 63/75 hp.
The leopard gecko barely misses you. Something completely misses you.
You climb upwards.
Reactivating autopickup.
There is a stone staircase leading down here.
Deactivating autopickup; reactivate with Ctrl-A.
You hit something but do no damage. You slash the leopard gecko!
You kill the leopard gecko!
Okawaru accepts your kill. Something hits you.
You take 1 damage, and have 62/75 hp.
You hit something. You miss something.
Something hits you but does no damage. x2
You miss something. Something hits you but does no damage.
You miss something.
You hear some strange, mumbled words.
You are confused.
Something hits you.
You take 2 damage, and have 61/75 hp.
Something hits you but does no damage.
You feel better. Something hits you but does no damage.
You regained 11 hp, and now have 72/75 hp.
You closely miss something. Something hits you but does no damage.
You barely miss something.
You hear some strange, mumbled words.
A bolt of poison appears from out of thin air!
The bolt of poison hits you!
You are poisoned.
You take 12 damage, and have 61/75 hp.
You closely miss something.
You feel sick.
You hear some strange, mumbled words.
Something tries to affect you, but you resist.
You take 2 damage, and have 59/75 hp.
You completely miss something.
You feel sick. Something hits you. Something burns you.
You take 5 damage, and have 54/75 hp.
You barely miss something. Something hits you but does no damage.
You barely miss something.
You feel sick. Something hits you but does no damage.
You take 1 damage, and have 54/75 hp.
You closely miss something.
You feel sick.
You hear some strange, mumbled words.
A bolt of poison appears from out of thin air!
The bolt of poison hits you!
You are more poisoned.
You take 11 damage, and have 43/75 hp.
You miss something.
You feel sick. Something hits you but does no damage.
You take 2 damage, and have 41/75 hp.
Your plate armour prevents you from hitting something.
You feel sick. Something hits you but does no damage.
You take 1 damage, and have 40/75 hp.
You closely miss something.
You feel sick. Something hits you but does no damage.
You take 1 damage, and have 39/75 hp.
You barely miss something.
You feel sick. You block something's attack.
You take 2 damage, and have 37/75 hp.
You slash something!
You feel sick. Something hits you but does no damage.
You hit something but do no damage.
You feel sick.
You hear some strange, mumbled words.
A bolt of poison appears from out of thin air!
The bolt of poison hits you but does no damage.
You are more poisoned.
You hear some strange, mumbled words.
Something tries to affect you, but you resist.
You take 1 damage, and have 36/75 hp.
You miss something.
You feel sick. Something hits you but does no damage.
You take 2 damage, and have 34/75 hp.
You miss something.
You feel very sick.
You hear some strange, mumbled words.
A bolt of poison appears from out of thin air!
The bolt of poison hits you!!
You are lethally poisoned!
You die...

#............. #............#
............. #...........
#.......... #........ #.....#
#.....# #>.@.# #### ###### ##{..#
...# #....###..(.#####.# ##
##.##..#..##(....#.# .##
##...##...###(....#.#
..###.....##.## ##(...#
...#.......#### #(...#.#. .# #..
#......_......#####(.##...#.#.#..
#†.#.......#....###.## #....#....


There were no monsters in sight!

Vanquished Creatures
  Prince Ribbit (D:6)
  Sigmund (D:5)
  4 yaks (D:8)
  A water moccasin (D:6)
  An ice beast (D:5)
  A phantom (D:4)
  2 ogres
  6 centaurs
  A bullfrog (D:6)
  A scorpion (D:5)
  3 vampire bats (D:6)
  3 howler monkeys
  A bullfrog zombie (D:5)
  A gnoll shaman (D:6)
  4 hounds
  An orc wizard (D:4)
  An iguana (D:6)
  3 worker ants
  A killer bee zombie (D:6)
  A mummy (D:5)
  4 gnolls (D:6)
  8 adders
  2 white imps (D:6)
  An adder skeleton (D:6)
  A worm (D:2)
  4 leopard geckos
  8 orcs
  8 bats
  2 bat skeletons (D:6)
  3 bat zombies (D:6)
  2 giant cockroaches
  6 goblins
  15 hobgoblins
  9 jackals
  4 quokkas
  6 frilled lizards
  7 kobolds
  8 rats
136 creatures vanquished.

Vanquished Creatures (others)
  Blork the orc (D:6)
1 creature vanquished.

Grand Total: 137 creatures vanquished

Notes
Turn   | Place    | Note
-------+----------+-------------------------------------------
     0 | D:1      | Whiskey the Barachi Fighter began the quest for the Orb.
     0 | D:1      | Reached XP level 1. HP: 18/18 MP: 1/1
    30 | D:1      | dragoon: why ppl always question me
    35 | D:1      | dragoon: like idk wtf im talkin about
   286 | D:1      | dragoon: i jus dropped hot tip for u. and u jus went. eh
                  | w/e
   342 | D:1      | Whiskey: lol
   342 | D:1      | Reached XP level 2. HP: 25/25 MP: 2/2
   686 | D:2      | Reached skill level 4 in Fighting
   806 | D:2      | dragoon: its good. the penalty is worth the shield bonus
   908 | D:2      | Whiskey: I'll use it next time
   915 | D:2      | Reached skill level 4 in Armour
   917 | D:2      | Reached XP level 3. HP: 20/30 MP: 3/3
  1695 | D:3      | Reached skill level 3 in Axes
  1695 | D:3      | Reached XP level 4. HP: 38/38 MP: 4/4
  1697 | D:3      | Whiskey: I miss when ghosts wandered
  1738 | D:3      | Found a burning altar of Makhleb.
  1815 | D:3      | dragoon: they changed so much shit
  1894 | D:3      | Whiskey: yeah
  1894 | D:3      | Whiskey: been playing since 0.13 or so
  1943 | D:3      | Reached skill level 4 in Shields
  1985 | D:3      | Whiskey: idk why they removed charms and kept poison
                  | magic...
  1985 | D:3      | dragoon: u dont like poison magic
  1985 | D:3      | Whiskey: merge poison into hexes and use the hellcrawl
                  | version of charms/transmutations
  1985 | D:3      | Whiskey: poison magic is useless extended game
  1985 | D:3      | dragoon: yea
  1985 | D:3      | Whiskey: it's nice for starting
  1985 | D:3      | Whiskey: but feels like a waste since it's 15 rune or bust
                  | for me
  1985 | D:3      | dragoon: lol
  1985 | D:3      | dragoon: i think the 3 rune game is the main game
  1985 | D:3      | dragoon: 15 rune is just a victory lap if ur not ready to
                  | stop playin that char
  1985 | D:3      | Whiskey: yeah
  1985 | D:3      | Whiskey: I'd have a lot more wins if I stopped at 3 runes
                  | lol
  2140 | D:3      | Found an opulent altar of Gozag.
  2527 | D:4      | Reached XP level 5. HP: 43/43 MP: 5/5
  2538 | D:4      | Got a steaming brass ring
  2576 | D:4      | Reached skill level 5 in Fighting
  2613 | D:4      | Noticed a phantom
  2640 | D:4      | Killed a phantom
  2640 | D:4      | Reached skill level 4 in Axes
  2640 | D:4      | Reached skill level 5 in Armour
  2640 | D:4      | Reached XP level 6. HP: 43/51 MP: 6/6
  2706 | D:4      | Found Cuorchiucu's Distillery.
  2851 | D:4      | Found Botoboem's Distillery.
  2883 | D:4      | dragoon: one guy i know has an account where he just plays
                  | to d12 and quits. b/c he says the games boring after that
  2893 | D:4      | Whiskey: probably has trouble making it after d12 lol
  3069 | D:5      | Entered Level 5 of the Dungeon
  3071 | D:5      | Found a bloodstained altar of Trog.
  3188 | D:5      | Identified the ring "Cuozussu" {rF+ rC++ rCorr} (You found
                  | it on level 4 of the Dungeon)
  3232 | D:5      | Reached skill level 5 in Shields
  3232 | D:5      | Reached XP level 7. HP: 54/56 MP: 7/7
  3336 | D:5      | Found a snail-covered altar of Cheibriados.
  3691 | D:5      | Reached skill level 6 in Fighting
  3737 | D:5      | HP: 9/58 [ogre/+0 giant club (8)]
  3738 | D:5      | Reached skill level 6 in Armour
  3774 | D:5      | HP: 12/58 [bullfrog zombie (4)]
  3779 | D:5      | HP: 11/58 [bullfrog zombie (2)]
  3780 | D:5      | Reached skill level 5 in Axes
  4153 | D:5      | Found a staircase to the Ecumenical Temple.
  4167 | Temple   | Entered the Ecumenical Temple
  5018 | D:6      | Reached XP level 8. HP: 64/65 MP: 8/8
  5079 | D:6      | Found a basalt altar of Yredelemnul.
  5087 | D:6      | Reached skill level 6 in Shields
  5153 | D:6      | Found an ancient bone altar of Kikubaaqudgha.
  5221 | D:6      | Noticed Prince Ribbit
  5230 | D:6      | Killed Prince Ribbit
  5230 | D:6      | Reached skill level 7 in Fighting
  5230 | D:6      | Reached skill level 6 in Axes
  5230 | D:6      | Reached skill level 7 in Armour
  5286 | D:6      | Noticed Sigmund
  5314 | D:6      | Noticed Blork the orc
  5336 | D:5      | Killed Sigmund
  5336 | D:5      | Reached XP level 9. HP: 67/72 MP: 9/9
  5376 | D:6      | Reached skill level 7 in Shields
  5379 | D:6      | Killed Blork the orc
  5642 | D:6      | Identified the +9 dagger of Gallantry {freeze, rPois rF+
                  | rC- Str+4}
  5764 | D:7      | Reached skill level 8 in Fighting
  5771 | D:7      | Found an ornate altar of the Wu Jian Council.
  5787 | D:7      | Reached skill level 8 in Armour
  6000 | D:7      | You fall into a shaft and drop 1 floor!
  6025 | D:8      | Reached skill level 7 in Axes
  6256 | D:8      | Found an iron altar of Okawaru.
  6257 | D:8      | Found a glowing silver altar of Zin.
  6257 | D:8      | Found a white marble altar of Elyvilon.
  6260 | D:8      | Noticed Erica
  6265 | D:8      | Became a worshipper of Warmaster Okawaru
  6271 | D:8      | dragoon: nah its berder. think he wrote a view guides on
                  | wiki. he says theres no variety or somethin afterwards idk
  6291 | D:7      | dragoon: i didnt agree with him
  6298 | D:7      | Killed from afar by Erica

Illustrated notes

Levels and vault maps discovered:
D:1:      dpeg_arrival_tiny_e, layout_loops_cross
D:2:      cheibrodos_greedy_goblins, layout_loops_cross, grunt_ministairs_9
D:3:      layout_loops_ring, marbit_many_paths, lightli_temple_of_fire,
          minmay_pentangle
D:4:      layout_loops_ring, serial_shops, shop, shop, minmay_misc_feat_tiny,
          dk_rats_in_the_wall
D:5:      layout_basic, slow_altar_1, temple_statues, serial_glass,
          glass_columns_c, glass_columns_a, glass_columns_b, glass_columns_a,
          glass_columns_a, glass_columns_a, item_on_display_a, basic_altar,
          minmay_between
D:6:      layout_loops_ring, nicolae_overflow_crystal_walls,
          kennysheep_vampire_church, uniq_sigmund, uniq_blork_the_orc,
          uniq_prince_ribbit1
D:7:      layout_cave_pods, lemuel_round_altar, serial_co_window_serial,
          co_window_of_opportunity_a, co_window_of_opportunity_a,
          co_window_paths_a, co_window_corner_a, co_window_paths_a,
          co_window_cross_1, co_window_paths_b, co_window_corner_ca,
          co_window_2corner, co_window_corner_b, co_window_corner_cb,
          co_window_corner_b, co_window_2corner, co_window_of_opportunity_b,
          glass_columns_a, glass_columns_c, glass_columns_a, glass_columns_a,
          glass_columns_a, grunt_dithmenos_smoke
D:8:      layout_loops_ring, fedhas_altar_3,
          chequers_temple_overflow_statue_of_worship, basic_altar,
          hangedman_incinerator, uniq_erica
Temple:   dpeg_chambers_temple

Skill      XL: |  1  2  3  4  5  6  7  8  9 |
---------------+----------------------------+-----
Fighting       | 4 5 6 7 8 |  8.6
Armour         | 4 5 6 7 8 |  8.6
Axes           | 3 4 5 6 7 |  7.4
Shields        | 4 5 6 7 |  7.8

Action                   |  1- 3 |  4- 6 |  7- 9 || total
-------------------------+-------+-------+-------++-------
Melee: War axe           |   104 |   105 |   331 ||   540
Throw: Javelin           |       |     5 |     4 ||     9
 Abil: Hop               |       |       |     1 ||     1
  Use: Scroll            |       |     1 |       ||     1
       Potion            |       |       |     1 ||     1
Armor: Plate armour      |    78 |    73 |   233 ||   384
       Scale mail        |     5 |       |       ||     5
Dodge: Dodged            |    24 |    13 |    50 ||    87
Block: Kite shield       |    69 |    64 |   197 ||   330

Table legend: (Time is in decaauts)
 A = Elapsed time spent in this place.
 B = Non-inter-level travel time spent in this place.
 C = Inter-level travel time spent in this place.
 D = Time resting spent in this place.
 E = Time spent auto-exploring this place.
 F = Levels seen in this place.
 G = Mean time per level.
                   A        B        C        D        E       F      G
               +--------+--------+--------+--------+--------+-----+--------+
         Total |   7275 |   7019 |    256 |    366 |   5439 |   9 |  808.3 |
       Dungeon |   7023 |   6797 |    226 |    366 |   5218 |   8 |  877.9 |
        Temple |    252 |    222 |     30 |      0 |    220 |   1 |  252.0 |
               +--------+--------+--------+--------+--------+-----+--------+

Top non-repeatable levels by time:
     D:5: 1408 daAuts
     D:6: 1391 daAuts
     D:3: 1206 daAuts
     D:4: 876 daAuts
     D:2: 811 daAuts
     D:1: 726 daAuts
     D:7: 308 daAuts
     D:8: 294 daAuts
  Temple: 252 daAuts

Table legend:
 A = Kills in this place as a percentage of kills in entire the game.
 B = Kills by you in this place as a percentage of kills by you in the entire game.
 C = Kills by friends in this place as a percentage of kills by friends in the entire game.
 D = Other kills in this place as a percentage of other kills in the entire game.
 E = Experience gained in this place as a percentage of experience gained in the entire game.
 F = Experience gained in this place divided by the number of levels of this place that you have seen.
                   A       B       C       D       E      F
               +-------+-------+-------+-------+-------+----------------------
         Total | 100.0 | 100.0 |   N/A |   N/A | 100.0 | 435.7
       Dungeon | 100.0 | 100.0 |   N/A |   N/A | 100.0 | 490.1
               +-------+-------+-------+-------+-------+----------------------
